 Dungeon Crawl Stone Soup version 0.30-a0-652-gcc886f7154 (webtiles) character file.

Game seed: 300242111953857150

224 bande the Covered (level 6, -1/38 HPs)
             Began as a Gargoyle Fighter on Jan 18, 2023.
             Slain by Edmund
             ... wielding a +1 dire flail of protection
              (7 damage)
             ... on level 4 of the Dungeon.
             The game lasted 00:06:41 (2646 turns).

bande the Covered (Gargoyle Fighter)                Turns: 2646, Time: 00:06:42

Health: -1/38      AC: 14    Str: 22    XL:     6   Next: 0%
Magic:  6/6        EV:  9    Int:  7    God:
Gold:   202        SH:  5    Dex: 14    Spells: 5/5 levels left

rFire   . . .      SeeInvis .    a - +1 war axe
rCold   . . .      Faith    .    c - +0 buckler
rNeg    + . .      Spirit   .    b - +0 scale mail
rPois   ∞          Reflect  .    n - +0 helmet
rElec   +          Harm     .    (no cloak)
rCorr   .          Rampage  .    (no gloves)
Will    .....                    f - +1 pair of boots Stlth
                                 (no amulet)
HPRegen 0.26/turn                (no ring)
MPRegen 0.10/turn                (no ring)

@: mighty
A: sickness immunity, AC +4, negative energy resistance 1, electricity
resistance, torment resistance 1, petrification resistance, agile 1, strong 1
a: no special abilities


You were on level 4 of the Dungeon.
You visited 1 branch of the dungeon, and saw 4 of its levels.

You collected 202 gold pieces.

Inventory:

Hand Weapons
 a - a +1 war axe (weapon)
 x - a +0 flail
Armour
 b - a +0 scale mail (worn)
 c - a +0 buckler (worn)
 f - a +1 pair of boots (worn)
 n - a +0 helmet (worn)
Jewellery
 s - an amulet of magic regeneration
Wands
 q - a wand of flame (11)
Scrolls
 t - 3 scrolls of amnesia
 u - a scroll of teleportation
 w - 2 scrolls of enchant weapon
Potions
 d - a potion of might
 e - 2 potions of mutation
 g - a potion of curing
 h - 2 potions of heal wounds {unknown}
 i - a potion of lignification {unknown}
 j - a potion of ambrosia {unknown}
 k - 2 potions of cancellation {unknown}
 l - a potion of attraction {unknown}
 o - a potion of invisibility {unknown}
 p - a potion of brilliance {unknown}
 r - 4 potions of flight {unknown}
 v - a potion of berserk rage {unknown}


   Skills:
 + Level 4.0 Fighting
 + Level 3.5 Axes
 + Level 4.3 Armour
 - Level 0.9 Dodging
 + Level 3.7 Shields
 * Level 1.4 Evocations


You had 5 spell levels left.
You didn't know any spells.
Your spell library contained the following spells:

 Spells                   Type           Power      Damage    Failure   Level
 Magic Dart               Conj           0%         1d3       83%         1
 Call Imp                 Summ           0%         N/A       93%         2
 Mephitic Cloud           Conj/Pois/Air  0%         N/A       99%         3
 Ozocubu's Armour         Ice            0%         N/A       99%         3
 Ozocubu's Refrigeration  Ice            0%         4d7       100%        7


Dungeon Overview and Level Annotations

Branches:
Dungeon (4/15)             Temple (0/1) D:4

Altars:
Nemelex Xobeh

Shops:
D:1 *   D:4 *

Annotations:
D:4 Edmund


Innate Abilities, Weirdness & Mutations

You are immune to sickness and miasma.
Your stone body is resilient. (AC +4)
You are immune to poison.
You resist negative energy. (rN+)
You are resistant to electric shocks. (rElec)
You are resistant to unholy torment.
You are immune to petrification.
You are agile. (Dex +4, Str/Int -1)
Your muscles are strong. (Str +4, Int/Dex -1)


Message History

Your Fighting skill increases to level 4!
You hit Edmund.
Edmund is moderately wounded.
You barely miss the iguana. You block Edmund's attack.
The iguana bites you but does no damage.
The iguana closely misses you. Edmund hits you but does no damage.
You hit Edmund.
Edmund is moderately wounded.
You barely miss the iguana.
The iguana bites you but does no damage.
Edmund hits you with a +1 dire flail of protection.
You barely miss Edmund.
Edmund is moderately wounded.
You completely miss the iguana. Edmund hits you but does no damage.
The iguana barely misses you.
You closely miss Edmund.
Edmund is moderately wounded.
You slash the iguana!
Edmund hits you with a +1 dire flail of protection!
* * * LOW HITPOINT WARNING * * *
The iguana barely misses you. You block the iguana's attack.
You block Edmund's attack.
You feel better. You block the iguana's attack.
Edmund hits you but does no damage.
You hit Edmund.
Edmund is moderately wounded.
You hit the iguana. You block Edmund's attack. The iguana bites you.
You barely miss Edmund.
Edmund is moderately wounded.
You hit the iguana.
You kill the iguana!
Edmund hits you with a +1 dire flail of protection.
* * * LOW HITPOINT WARNING * * *
You have reached level 6!
You hit Edmund but do no damage.
Edmund is moderately wounded.
Edmund hits you with a +1 dire flail of protection.
* * * LOW HITPOINT WARNING * * *
Edmund hits you with a +1 dire flail of protection!
You die...

#........[#.## *. #.......###.#
*, #.......# #.# ** #.......#
#.# * #.......# #.# #.......#
#.# ***#.......# #.# *******
*,,,,,,,,,,###'#####...,,*******
*,,,,,,,,,,#...@@....#,,,,,,,,,,
*,,,,***+**#....)....#,,,,,,~~~~
****** *,,,+.........#,,,,~~~~~~
****#.........#,,~~~~~~~~
#.........#,~~~~~~,,,
#!........#,~~~~~~,>,
#.........#,~~~~~~,,,
###########,~~~~~~~~~
*,,~~~~~~~~


You could see Edmund.

Vanquished Creatures
  A phantom (D:3)
  A howler monkey (D:4)
  An iguana (D:4)
  3 adders
  A worm (D:2)
  2 dart slugs
  An orc (D:3)
  3 endoplasms
  3 giant cockroaches
  3 goblins
  4 hobgoblins
  4 jackals (D:3)
  A quokka (D:2)
  5 ball pythons
  7 bats
  5 frilled lizards
  5 kobolds
  9 rats
59 creatures vanquished.

Notes
Turn   | Place    | Note
-------+----------+-------------------------------------------
     0 | D:1      | bande the Gargoyle Fighter began the quest for the Orb.
     0 | D:1      | Reached XP level 1. HP: 14/14 MP: 1/1
   164 | D:1      | Found Maneafy's Assorted Antiques.
   184 | D:1      | Reached XP level 2. HP: 9/19 MP: 2/2
  1009 | D:2      | Reached XP level 3. HP: 21/23 MP: 3/3
  1125 | D:2      | Found a sparkling altar of Nemelex Xobeh.
  1784 | D:3      | Found a faded altar of an unknown god.
  1828 | D:3      | Reached XP level 4. HP: 28/28 MP: 4/4
  2263 | D:4      | Noticed a phantom
  2275 | D:3      | Killed a phantom
  2276 | D:3      | Reached skill level 1 in Evocations
  2276 | D:3      | Reached XP level 5. HP: 33/33 MP: 5/5
  2580 | D:4      | Found Musk's General Store.
  2626 | D:4      | Noticed Edmund
  2636 | D:4      | Gained mutation: You are agile. (Dex +4, Str/Int -1)
                  | [potion of mutation]
  2636 | D:4      | Gained mutation: Your muscles are strong. (Str +4, Int/Dex
                  | -1) [potion of mutation]
  2646 | D:4      | Reached XP level 6. HP: 11/38 MP: 6/6
  2646 | D:4      | Slain by Edmund

Illustrated notes

Levels and vault maps discovered:
D:1:      dpeg_arrival_line_fractal, layout_basic, serial_shops, shop,
          minmay_misc_feat_chi
D:2:      layout_loops_ring, basic_altar
D:3:      layout_rooms, basic_ecumenical_altar, supply_closet_lemuel,
          minivault_25
D:4:      layout_basic, temple_pool_b, serial_shops, nicolae_shop_behind_doors,
          dreamdust_mushroom_princess, st_stairs_11, uniq_pikel, uniq_edmund

Skill      XL: |  1  2  3  4  5 |
---------------+----------------+-----
Axes           | 2 3 |  3.5
Armour         | 4 |  4.3
Evocations     | 1 |  1.4
Fighting       | 4 |  4.0
Dodging        | |  0.9
Shields        | |  3.7

Action                   |  1- 3 |  4- 6 || total
-------------------------+-------+-------++-------
Melee: War axe           |   123 |    53 ||   176
  Use: Scroll            |     5 |     3 ||     8
       Potion            |       |     4 ||     4
Armor: Scale mail        |    83 |    43 ||   126
Dodge: Dodged            |    72 |    31 ||   103
Block: Buckler           |    29 |    17 ||    46

Table legend: (Time is in decaauts)
 A = Elapsed time spent in this place.
 B = Non-inter-level travel time spent in this place.
 C = Inter-level travel time spent in this place.
 D = Time resting spent in this place.
 E = Time spent auto-exploring this place.
 F = Levels seen in this place.
 G = Mean time per level.
                   A        B        C        D        E       F      G
               +--------+--------+--------+--------+--------+-----+--------+
         Total |   2722 |   2655 |     67 |    456 |   1597 |   4 |  680.5 |
       Dungeon |   2722 |   2655 |     67 |    456 |   1597 |   4 |  680.5 |
               +--------+--------+--------+--------+--------+-----+--------+

Top non-repeatable levels by time:
     D:1: 1018 daAuts
     D:2: 764 daAuts
     D:3: 762 daAuts
     D:4: 176 daAuts
